[Event "Thai Dai Van Nguyen vs Nigel Short 2020"]
[Site "Prague"]
[Date "2020.10.10"]
[Round "1.1"]
[White "Short, Nigel D"]
[Black "Nguyen, Thai Dai Van"]
[Result "1/2-1/2"]
[ECO "C67"]
[WhiteElo "2626"]
[BlackElo "2571"]
[Annotator "RC"]
[PlyCount "109"]
[EventDate "2020.10.10"]
[EventCountry "CZE"]
[SourceTitle "playchess.com"]
[Source "ChessBase"]
[SourceQuality "1"]
[TimeControl "1200+10"]

1. e4 e5 2. Nf3 Nc6 3. Bb5 Nf6 4. O-O Nxe4 5. d4 Nd6 6. Bxc6 dxc6 7. dxe5 Nf5 8. Qxd8+ Kxd8 9. Rd1+ Ke8 10. Nc3 Ne7 11. Bg5 h6 12. Bxe7 Bxe7 13. Nd4 Bd7 14. Rd3 Rd8 15. Rad1 Bg4 16. f3 Bc8 17. Kf2 a6 18. Ne4 f5 19. exf6 gxf6 20. c4 Kf7 21. b3 a5 22. a4 h5 23. h4 Rhg8 24. Ne2 Rxd3 25. Rxd3 Bf5 26. Nf4 Bxe4 27. fxe4 Rg4 28. Nxh5 Rxh4 29. Ng3 Bd6 30. Nf5 Rxe4 31. Rxd6 Rf4+ 32. Kg3 Rxf5 33. Rd7+ Ke6 34. Rxc7 Kd6 35. Rxb7 Kc5 36. Kh4 Rf2 37. g4 Rf1 38. Kh5 Rf4 39. Rb8 Rf3 40. Rb7 Rf4 41. Rb8 Rf3 42. Rf8 Rxb3 43. Rxf6 Rh3+ 44. Kg6 Kxc4 45. Rxc6+ Kb4 46. Rb6+ Kxa4 47. g5 Rg3 48. Kf6 Ka3 49. g6 a4 50. g7 Ka2 51. Kf7 Rxg7+ 52. Kxg7 a3 53. Kf6 Ka1 54. Ke5 a2 55. Ke4 1/2-1/2